 Dungeon Crawl Stone Soup version 0.21-a0-442-g848f44b (webtiles) character file.

57 Gildeon the Magician (level 3, -9/26 HPs)
             Began as a Draconian Fire Elementalist on Nov 16, 2017.
             Killed by nerve-wracking pain
             ... invoked by Jessica
              (11 damage)
             ... on level 2 of the Dungeon.
             The game lasted 00:09:26 (1848 turns).

Gildeon the Magician (Draconian Fire Elementalist)  Turns: 1848, Time: 00:09:26

Health: -9/26      AC:  5    Str: 10    XL:     3   Next: 73%
Magic:  0/8        EV: 12    Int: 16    God:
Gold:   97         SH:  0    Dex: 11    Spells: 0/9 levels left

rFire    . . .     SeeInvis .   d - +0 club
rCold    . . .     Gourm    .   (no shield)
rNeg     . . .     Faith    .   (armour unavailable)
rPois    .         Spirit   .   (helmet restricted)
rElec    .         Reflect  .   (no cloak)
rCorr    .         Harm     .   (no gloves)
MR       .....                  (no boots)
Stlth    ++........             i - amulet of inaccuracy (curse)
HPRegen  0.08/turn              (no ring)
MPRegen  0.11/turn              (no ring)

@: very slightly contaminated
A: unfitting armour, cold-blooded, AC +5
a: no special abilities


You were on level 2 of the Dungeon.
You were not hungry.

You visited 1 branch of the dungeon, and saw 2 of its levels.

You collected 97 gold pieces.

Inventory:

Hand Weapons
 d - a +0 club (weapon)
Jewellery
 i - a cursed amulet of inaccuracy (around neck)
Potions
 c - a potion of heal wounds
 e - 2 potions of ambrosia {unknown}
 g - a potion of curing {unknown}
 h - a potion of invisibility {unknown}
Books
 a - a book of Flames

   Spells                             Type                      Level
   a - Flame Tongue                   Conjuration/Fire             1
   b - Throw Flame                    Conjuration/Fire             2
   c - Conjure Flame                  Conjuration/Fire             3
   d - Inner Flame                    Hexes/Fire                   3
   e - Sticky Flame                   Conjuration/Fire             4
   f - Fireball                       Conjuration/Fire             5
Comestibles
 b - 2 chunks of flesh
 f - a fruit


   Skills:
 - Level 1.7 Dodging
 - Level 1.7 Stealth
 + Level 3.9 Spellcasting
 - Level 1.0 Conjurations
 - Level 3.0 Fire Magic


You couldn't memorise any spells.
You knew the following spells:

 Your Spells              Type           Power        Failure   Level  Hunger
a - Flame Tongue          Conj/Fire      #....        8%          1    None
b - Throw Flame           Conj/Fire      #.....       12%         2    ##.....
c - Conjure Flame         Conj/Fire      #.......     22%         3    ###....
d - Inner Flame           Hex/Fire       #.......     28%         3    ###....


Dungeon Overview and Level Annotations

Branches:
Dungeon (2/15)

Altars:
Dithmenos

Annotations:
D:2 Jessica


Innate Abilities, Weirdness & Mutations

Your plain brown scales are hard. (AC +5)
You cannot fit into any form of body armour.
You are cold-blooded and may be slowed by cold attacks.


Message History

Jessica is heavily wounded.
Jessica shouts!
Jessica gestures at you while chanting. Pain shoots through your body!
Jessica gestures at you while chanting. Pain shoots through your body!
Ouch! That really hurt!
* * * LOW HITPOINT WARNING * * *
Jessica gestures wildly while chanting.
Jessica blinks!
Casting: Throw Flame
Confirm with . or Enter, or press ? or * to list all spells.
Aiming: Flame Tongue
Press: ? - help, Shift-Dir - straight line, f/p - Jessica
Aim: Jessica, wearing a robe (heavily wounded)
The flame tongue hits Jessica.
Jessica appears unharmed.
Jessica is heavily wounded.
Jessica gestures at you while chanting. Pain shoots through your body!
You die...

......#..#.# #.#. ###..
##..... #.#. #..
.....#. #.#.## #.
####.... #....# .#
......
##.(..######..#.##.#..
#..@..................
#.........##.#..##....
#...ยง@..#.##..........
###...###.##.#..#####.
#...# #.##.#........
##### #.##.#.#..###.
#.............
######.#...#..
#....###. ###.## ##
#.## #


You could see Jessica.

Vanquished Creatures
  2 adders (D:2)
  A dart slug (D:2)
  2 leopard geckos (D:1)
  2 giant cockroaches
  5 hobgoblins
  2 kobolds
  A quokka (D:2)
  A ball python (D:2)
  5 bats
  6 frilled lizards
  4 goblins
  7 rats
38 creatures vanquished.

Notes
Turn   | Place    | Note
-------+----------+-------------------------------------------
     0 | D:1      | Gildeon the Draconian Fire Elementalist began the quest for the Orb.
     0 | D:1      | Reached XP level 1. HP: 14/14 MP: 3/3
   220 | D:1      | Reached XP level 2. HP: 7/20 MP: 3/5
   440 | D:1      | Learned a level 2 spell: Throw Flame
   619 | D:1      | Found a shadowy altar of Dithmenos.
  1301 | D:2      | Reached XP level 3. HP: 26/26 MP: 0/7
  1403 | D:2      | Learned a level 3 spell: Conjure Flame
  1407 | D:2      | Learned a level 3 spell: Inner Flame
  1842 | D:2      | Noticed Jessica
  1848 | D:2      | Killed from afar by Jessica

Vault maps used:
D:1:      dpeg_arrival_shrine, kennysheep_flooded_box, glass_columns_b,
          minmay_tripent
D:2:      gammafunk_temple_overflow_pools, uniq_jessica

Skill      XL: |  1  2 |
---------------+-------+-----
Spellcasting   | 3 |  3.9
Dodging        | |  1.7
Stealth        | |  1.7
Conjurations   | |  1.0
Fire Magic     | |  3.0

Action                   || total
-------------------------++-------
Melee: Unarmed           ||     8
       Hand axe          ||    45
       Tailslap          ||     6
       Club              ||     6
 Cast: Flame Tongue      ||    36
       Throw Flame       ||    16
  Use: Scroll            ||     4
  Eat: Bread ration      ||     1
Armor: Skin              ||    25
Dodge: Dodged            ||    58

Table legend:
 A = Spawn XP
 B = Non-spawn XP
 C = Spawn XP percentage of total XP
 D = Spawn monster count
 E = Non-spawn monster count
 F = Spawn count percentage of total count
 G = Total turns spent on level
                    A         B        C        D         E        F      G
               +---------+---------+-------+---------+---------+-------+---------
         Total |       0 |      82 |   0.0 |       0 |      38 |   0.0 |  1848
               +---------+---------+-------+---------+---------+-------+---------
           D:1 |       0 |      30 |   0.0 |       0 |      19 |   0.0 |  1028
           D:2 |       0 |      52 |   0.0 |       0 |      19 |   0.0 |   820
               +---------+---------+-------+---------+---------+-------+---------
